 Dungeon Crawl Stone Soup version 0.30.0-29-ga12c61a403 (webtiles) character file.

Game seed: 7669355263299254309

266 qw the Chopper (level 6, -24/39 HPs)
             Began as a Gargoyle Fighter on June 6, 2023.
             Annihilated by an ogre
             ... wielding a +0 giant spiked club
              (31 damage)
             ... on level 4 of the Dungeon.
             The game lasted 00:01:39 (2488 turns).

qw the Chopper (Gargoyle Fighter)                   Turns: 2488, Time: 00:01:39

Health: -24/39     AC: 11    Str: 22    XL:     6   Next: 20%
Magic:  6/6        EV:  9    Int:  8    God:
Gold:   179        SH:  4    Dex:  9    Spells: 5/5 levels left

rFire   . . .        Y - +0 war axe
rCold   . . .        c - +0 buckler
rNeg    + . .        b - +0 scale mail
rPois   inf          (no helmet)
rElec   +            (no cloak)
rCorr   .            (no gloves)
SInv    .            (no boots)
Will    .....        e - amulet of regeneration Stlth
                     (no ring)
HPRegen 1.06/turn    (no ring)
MPRegen 0.10/turn

%: no passive effects
@: attractive
A: sickness immunity, AC +4, negative energy resistance 1, electricity
resistance, torment resistance 1, petrification resistance
a: no special abilities


You were on level 4 of the Dungeon.
You visited 1 branch of the dungeon, and saw 4 of its levels.

You collected 179 gold pieces.


Innate Abilities, Weirdness & Mutations

You are immune to sickness and miasma.
Your stone body is resilient. (AC +4)
You are immune to poison.
You resist negative energy. (rN+)
You are resistant to electric shocks. (rElec)
You are resistant to unholy torment.
You are immune to petrification.


   Skills:
 - Level 4.7 Fighting
 - Level 5.0 Axes
 - Level 3.2 Armour
 + Level 0.0 Dodging
 - Level 3.2 Shields


You had 5 spell levels left.
You didn't know any spells.
Your spell library was empty.

Inventory:

Hand Weapons
 q - a +0 whip
 Y - a +0 war axe (weapon)
Armour
 b - a +0 scale mail (worn)
 c - a +0 buckler (worn)
Jewellery
 e - an amulet of regeneration (around neck)
Scrolls
 a - a scroll of identify
Potions
 d - a potion of might
 h - a potion of attraction
 i - a potion of ambrosia {unknown}
 j - 3 potions of curing
 k - a potion of heal wounds {unknown}
 l - a potion of cancellation {unknown}
 n - a potion of mutation {unknown}
 o - a potion of flight {unknown}
 p - a potion of haste {unknown}

Dungeon Overview and Level Annotations

Branches:
Dungeon (4/15)
 Temple: D:4-7

Altars:
Sif Muna
Xom


Message History

The phantom hits you.
You slash the phantom!
The phantom is heavily damaged.
The phantom hits you.
The phantom blinks!
You blink.
An ogre comes into view. It is wielding a +0 giant spiked club.
Found 10 gold pieces.
Found an escape hatch in the floor.
Found a stone staircase leading down.
The phantom hits you but does no damage.
The ogre is attracted toward you.
Enter note:
Enter note: You closely miss the phantom.
The phantom is heavily damaged.
The ogre shouts!
The phantom hits you but does no damage.
The ogre is attracted toward you.
You slash the phantom!
The phantom is almost destroyed.
You closely miss the ogre.
The ogre hits you with a +0 giant spiked club!!
Ouch! That really hurt!
The phantom hits you.
The phantom blinks!
You blink.
Found a scroll of magic mapping.
The ogre is attracted toward you.
Enter note:
Enter note: You hit the phantom.
The phantom is almost destroyed.
The phantom hits you but does no damage.
The ogre is attracted toward you.
You slash the phantom!
You destroy the phantom!
You hit the ogre. You block the ogre's attack.
Your Fighting skill increases to level 4!
You have reached level 6!
You slash the ogre!
The ogre is heavily wounded.
The ogre hits you with a +0 giant spiked club!!
Ouch! That really hurt!
You die...

#....##......#....
##............#....
........#.##.#.[...
#...........#....#
##.)##..........#
###..?##.........>.
#.....##......<...>
#...........?......
#...@O¤............
##.................
##................
###..............
##.......####..
###.....# ##....#
##..## #..#


You could see an ogre.

Vanquished Creatures
  A phantom (D:4)
  2 orc wizards (D:3)
  6 adders
  A worm (D:2)
  A dart slug (D:2)
  8 orcs (D:3)
  4 ball pythons (D:1)
  10 endoplasms
  4 giant cockroaches
  9 goblins
  4 hobgoblins
  3 jackals (D:1)
  A quokka (D:3)
  6 bats
  3 frilled lizards
  5 kobolds
  6 rats
74 creatures vanquished.

Notes
Turn   | Place    | Note
-------+----------+-------------------------------------------
     0 | D:1      | qw the Gargoyle Fighter began the quest for the Orb.
     0 | D:1      | Reached XP level 1. HP: 14/14 MP: 1/1
     0 | D:1      | 0 ||| qw: Version: 0.2-a-108-gee2c290
     0 | D:1      | 0 ||| qw: Game counter: 1507
     0 | D:1      | 0 ||| qw: Always use a shield: true
     0 | D:1      | 0 ||| qw: God list: Okawaru
     0 | D:1      | 0 ||| qw: Allow faded altars: false
     0 | D:1      | 0 ||| qw: Do Orc after D:15 true
     0 | D:1      | 0 ||| qw: Do second Lair branch before Depths: true
     0 | D:1      | 0 ||| qw: Lair rune preference: random
     0 | D:1      | 0 ||| qw: Plans: Normal, Zot:1-4, Slime:5, God:TSO, Crypt,
                  | Tomb, Abyss, Pan, Hells, Win
     0 | D:1      | 0 ||| PLANNING D:1-11
    22 | D:1      | Reached skill level 2 in Axes
    82 | D:1      | 82 ||| Stepping ~*~*~tactically~*~*~ (hiding).
   213 | D:1      | Reached XP level 2. HP: 19/19 MP: 2/2
   243 | D:1      | 243 ||| Stepping ~*~*~tactically~*~*~ (stealth).
   364 | D:1      | Reached skill level 3 in Axes
   378 | D:1      | 378 ||| Stepping ~*~*~tactically~*~*~ (stealth).
   409 | D:1      | Reached XP level 3. HP: 22/23 MP: 3/3
   526 | D:1      | 526 ||| Stepping ~*~*~tactically~*~*~ (stealth).
   680 | D:1      | 680 ||| Stepping ~*~*~tactically~*~*~ (stealth).
   681 | D:1      | 681 ||| Stepping ~*~*~tactically~*~*~ (stealth).
   695 | D:1      | 695 ||| Stepping ~*~*~tactically~*~*~ (stealth).
   945 | D:1      | 945 ||| READING 2 scrolls labelled QEOTRE LESUSUN.
   946 | D:1      | 946 ||| READING scroll labelled BEAPPOXEAXY.
  1014 | D:2      | Reached XP level 4. HP: 26/28 MP: 4/4
  1109 | D:2      | Reached skill level 4 in Axes
  1245 | D:2      | 1245 ||| Stepping ~*~*~tactically~*~*~ (water).
  1418 | D:2      | Found a faded altar of an unknown god.
  1546 | D:2      | 1546 ||| UPGRADING to amulet of regeneration.
  1551 | D:2      | 1551 ||| READING scroll labelled XUARAFAUSOPI.
  1552 | D:2      | 1552 ||| READING scroll labelled UCOAWUXTAETOV.
  1553 | D:2      | 1553 ||| READING scroll labelled WELECK MERAL.
  1700 | D:3      | 1700 ||| Stepping ~*~*~tactically~*~*~ (stealth).
  1702 | D:3      | 1702 ||| Stepping ~*~*~tactically~*~*~ (hiding).
  1709 | D:3      | 1709 ||| FLEEEEING.
  1786 | D:3      | Reached XP level 5. HP: 16/32 MP: 5/5
  1807 | D:3      | 1807 ||| DROPPING +0 club.
  1916 | D:3      | HP: 5/32 [something/magic dart (4)]
  1917 | D:3      | HP: 1/32 [something/magic dart (5)]
  1920 | D:3      | Reached skill level 5 in Axes
  2154 | D:3      | Found a shimmering altar of Xom.
  2266 | D:3      | Found a shimmering blue altar of Sif Muna.
  2451 | D:3      | 2451 ||| READING scroll labelled JOAVOZU BYWK.
  2457 | D:3      | 2457 ||| READING scroll labelled ORCHETHR YMIAL.
  2458 | D:3      | 2458 ||| DRINKING 2 ruby potions.
  2459 | D:3      | 2459 ||| DRINKING 4 green potions.
  2476 | D:4      | Noticed a phantom
  2483 | D:4      | Noticed an ogre
  2485 | D:4      | HP: 3/33 [ogre/+0 giant spiked club (21)]
  2487 | D:4      | Killed a phantom
  2488 | D:4      | Reached XP level 6. HP: 5/39 MP: 6/6
  2488 | D:4      | Annihilated by an ogre

Levels and vault maps discovered:
D:1:      dpeg_arrival_ternary, layout_basic, grunt_decor_clamped
D:2:      layout_rooms, shapermc_ecumenical_altar_notcrosses, kennysheep_nub,
          kennysheep_generic_room_13
D:3:      layout_loops_ring, xom_butterflies, led_sif_pool, serial_bayou_pond_d
D:4:      layout_cave_pools, minmay_overflow_temple_star_quad

Skill      XL: |  1  2  3  4  5 |
---------------+----------------+-----
Axes           | 2 3 4 5 |  5.0
Fighting       | 4 |  4.7
Armour         | |  3.2
Shields        | |  3.2

Action                     |  1- 3 |  4- 6 || total
---------------------------+-------+-------++-------
  Melee: War axe           |   100 |   191 ||   291
    Use: Scroll            |     2 |     5 ||     7
         Potion            |       |     2 ||     2
   Stab: Sleeping          |       |     1 ||     1
 Armour: Scale mail        |    57 |   106 ||   163
  Dodge: Dodged            |    44 |    54 ||    98
  Block: Buckler           |    13 |    24 ||    37

Table legend:
 A = Non-vault XP
 B = Vault XP
 C = Vault XP percentage of total XP
 D = Non-vault monster count
 E = Vault monster count
 F = Vault count percentage of total count
                 A         B        C        D         E       F
            +---------+---------+-------+---------+---------+-------
      Total |     378 |       3 |   0.8 |      72 |       2 |   2.7
            +---------+---------+-------+---------+---------+-------
        D:1 |      54 |       0 |   0.0 |      33 |       0 |   0.0
        D:2 |      80 |       3 |   3.6 |      16 |       2 |  11.1
        D:3 |     124 |       0 |   0.0 |      20 |       0 |   0.0
        D:4 |     120 |       0 |   0.0 |       3 |       0 |   0.0
            +---------+---------+-------+---------+---------+-------
